 Dungeon Crawl Stone Soup version 0.18-b1-18-g7758cf2 (webtiles) character file.

56 Chiseanne the Magician (level 3, -3/24 HPs)
             Began as a Demonspawn Wizard on May 2, 2016.
             Slain by Grinder (6 damage)
             ... on level 3 of the Dungeon.
             The game lasted 00:04:03 (2471 turns).

Chiseanne the Magician (Demonspawn Wizard)          Turns: 2471, Time: 00:04:04

Health: -3/24      AC:  6    Str:  9    XL:     3   Next: 69%
Magic:  5/8        EV: 12    Int: 20    God:
Gold:   137        SH:  0    Dex: 10    Spells: 3 memorised, 4 levels left

rFire  . . .     SeeInvis .     a - +0 dagger (venom)
rCold  . . .     Gourm    .     p - +0 robe
rNeg   . . .     Faith    .     (no shield)
rPois  .         Spirit   .     f - +0 helmet
rElec  .         Dismiss  .     (no cloak)
rCorr  .         Reflect  .     (no gloves)
SustAt .         Harm     .     (no boots)
MR     .....                    (no amulet)
Stlth  ++........               (no ring)
                                (no ring)

@: repel missiles, not resistant to hostile enchantments, unstealthy
A: rough black scales 1, deformed body, strong 1
a: no special abilities


You were on level 3 of the Dungeon.
You were not hungry.

You visited 1 branch of the dungeon, and saw 3 of its levels.

You collected 137 gold pieces.

Inventory:

Hand Weapons
 a - a +0 dagger of venom (weapon)
Missiles
 g - 94 stones (quivered)
 h - 65 arrows
 j - 3 steel javelins
 m - 24 bolts
 q - 12 tomahawks
Armour
 b - a +0 hat
 f - a +0 helmet (worn)
 p - a +0 robe (worn)
Scrolls
 r - a scroll of remove curse
Potions
 i - a potion of cancellation {unknown}
 k - 2 potions of curing {unknown}
Books
 c - a book of Minor Magic

   Spells                             Type                      Level
   a - Magic Dart                     Conjuration                  1
   b - Blink                          Translocation                2
   c - Call Imp                       Summoning                    2
   d - Repel Missiles                 Charms/Air                   2
   e - Slow                           Hexes                        2
   f - Conjure Flame                  Conjuration/Fire             3
   g - Mephitic Cloud                 Conjuration/Poison/Air       3
Comestibles
 d - a bread ration
 o - a meat ration


   Skills:
 - Level 1.7 Dodging
 - Level 1.7 Stealth
 * Level 3.6 Spellcasting
 * Level 2.8 Conjurations
   Level 1.0 Summonings
 - Level 0.8 Translocations


You had 4 spell levels left.
You knew the following spells:

 Your Spells              Type           Power        Failure   Level  Hunger
a - Magic Dart            Conj           ###.         4%          1    None
b - Blink                 Tloc           N/A          17%         2    ##.....
c - Repel Missiles        Chrm/Air       #.....       24%         2    ##.....


Dungeon Overview and Level Annotations

Branches:
Dungeon (3/15)

Altars:
Yredelemnul

Annotations:
D:3 Grinder


Innate Abilities, Weirdness & Mutations

You are partially covered in rough black scales (AC +4, Dex -1).
Armour fits poorly on your strangely shaped body.
Your muscles are strong. (Str +2)


Message History

Grinder is lightly wounded.
Grinder hits you.
* * * LOW HITPOINT WARNING * * *
You writhe in agony.
* * * LOW HITPOINT WARNING * * *
Casting: Magic Dart
Confirm with . or Enter, or press ? or * to list all spells.
You blink.
Casting: Blink
Confirm with . or Enter, or press ? or * to list all spells.
Aiming: Magic Dart
Press: ? - help, Shift-Dir - straight line, f/p - Grinder
Aim: Grinder (lightly wounded, poisoned)
The magic dart hits Grinder.
Grinder is lightly wounded.
Drink which item? (? for menu, Esc to quit)
It was a potion of mutation.
You feel extremely strange.
You feel stronger.
Your body twists and deforms.
Grinder hits you.
You die...

......# ##.#.#...............
####..# #.#.#.............#. ...
# #.#.#..#.#.#.##...#. ...
#.#.#..#.#.#.##...#. ...
#####.#........#.##...#. ###
.......................
.......ยง####..###..#.
####.##...####..###..#.
#.....@5...............
.................###..#.
####.............# #..#.
#........... #..#. ##
##.###...##.#. # #..#. .....###..
.........#.#..###..#. ..
.......###.# #....#.# ......#. ..
.......# #.###....#.#..# #....
.#.##.....###..##....#.#..###.##.


You could see Grinder.

Vanquished Creatures
  2 adders
  2 dart slugs
  A giant gecko (D:1)
  3 orcs (D:3)
  A ball python (D:3)
  A giant cockroach (D:2)
  3 goblins
  2 hobgoblins
  3 kobolds
  2 quokkas
  4 bats
  3 giant newts (D:1)
  3 rats
30 creatures vanquished.

Notes
Turn   | Place    | Note
--------------------------------------------------------------
     0 | D:1      | Chiseanne the Demonspawn Wizard began the quest for the Orb.
     0 | D:1      | Reached XP level 1. HP: 13/13 MP: 4/4
   313 | D:1      | Gained mutation: You are partially covered in rough black scales (AC +4, Dex -1). [demonic ancestry]
   313 | D:1      | Reached XP level 2. HP: 19/19 MP: 1/6
   883 | D:1      | Learned a level 2 spell: Blink
   886 | D:1      | Learned a level 2 spell: Repel Missiles
   920 | D:2      | Found a basalt altar of Yredelemnul.
  1049 | D:2      | Reached XP level 3. HP: 21/24 MP: 7/7
  2217 | D:3      | Noticed Grinder
  2455 | D:3      | Paralysed by Grinder for 7 turns
  2471 | D:3      | Gained mutation: Your muscles are strong. (Str +2) [potion of mutation]
  2471 | D:3      | Gained mutation: Armour fits poorly on your strangely shaped body. [potion of mutation]
  2471 | D:3      | Slain by Grinder

Skill      XL: |  1  2 |
---------------+-------+-----
Conjurations   | 2 |  2.8
Dodging        | |  1.7
Stealth        | |  1.7
Spellcasting   | |  3.6
Summonings     | |  1.0
Translocations | |  0.8

Action                   || total
-------------------------++-------
Melee: Dagger            ||    30
 Cast: Magic Dart        ||    58
       Repel Missiles    ||     1
       Blink             ||     1
  Use: Scroll            ||     4
       Potion            ||     1
 Stab: Sleeping          ||     2
  Eat: Chunk             ||     3
       Beef jerky        ||     1
Armor: Robe              ||    14
Dodge: Dodged            ||    25
